 Dungeon Crawl Stone Soup version 0.18.1-47-g9310371 (console) character file.

172 Kloppie the Cudgeler (level 5, -3/45 HPs)
             Began as a Minotaur Berserker on June 22, 2016.
             Was a Priest of Trog.
             Slain by a gnoll
             ... wielding a +0 spear
              (5 damage)
             ... on level 4 of the Dungeon.
             The game lasted 00:03:28 (2534 turns).

Kloppie the Cudgeler (Minotaur Berserker)           Turns: 2534, Time: 00:03:28

Health: -3/45      AC:  4    Str: 22    XL:     5   Next: 27%
Magic:  4/4        EV: 12    Int:  4    God:    Trog [***...]
Gold:   150        SH:  0    Dex: 10    Spells: 0 memorised, 4 levels left

rFire  . . .     SeeInvis .     a - +0 mace
rCold  . . .     Gourm    .     b - +0 animal skin
rNeg   . . .     Faith    .     (no shield)
rPois  .         Spirit   .     (helmet restricted)
rElec  .         Dismiss  .     (no cloak)
rCorr  .         Reflect  .     i - +1 pair of gloves
SustAt .         Harm     .     (no boots)
MR     .....                    (no amulet)
Stlth  +.........               (no ring)
                                (no ring)

@: not resistant to hostile enchantments, very unstealthy
A: retaliatory headbutt, horns 2
a: Berserk, Trog's Hand, Burn Spellbooks, Renounce Religion


You were on level 4 of the Dungeon.
You worshipped Trog.
Trog was most pleased with you.
You were very hungry.

You visited 1 branch of the dungeon, and saw 4 of its levels.

You collected 150 gold pieces.

Inventory:

Hand Weapons
 a - a +0 mace (weapon)
Armour
 b - a +0 animal skin (worn)
 i - a +1 pair of gloves (worn)
 u - a +0 chain mail
Scrolls
 d - 2 scrolls of noise {unknown}
 e - 5 scrolls of identify {unknown}
 g - 2 scrolls of fear {unknown}
 j - 2 scrolls of enchant weapon {unknown}
 k - 3 scrolls of teleportation {unknown}
 m - 3 scrolls of remove curse {unknown}
 p - 2 scrolls of magic mapping {unknown}
 q - a scroll of blinking {unknown}
 s - a scroll of recharging {unknown}
Potions
 f - a potion of degeneration {unknown}
 h - a potion of berserk rage {unknown}
 l - a potion of might {unknown}
 n - 3 potions of curing {unknown}
 o - a potion of mutation {unknown}
 r - a potion of agility {unknown}
 t - a potion of flight {unknown}
Comestibles
 c - 3 bread rations


   Skills:
 - Level 3.6 Fighting
 + Level 7.2 Maces & Flails
 - Level 2.4 Armour
 - Level 2.1 Dodging


You had 4 spell levels left.
You didn't know any spells.

Dungeon Overview and Level Annotations

Branches:
Dungeon (4/15)
 Temple: D:4-7

Altars:


Innate Abilities, Weirdness & Mutations

You reflexively headbutt those who attack you in melee.
You have a pair of horns on your head.


Message History

The gnoll is lightly wounded.
The gnoll hits you from afar with a spear.
* * * LOW HITPOINT WARNING * * *
The gnoll hits you with a club.
* * * LOW HITPOINT WARNING * * *
You sock the gnoll!
The gnoll is severely wounded.
The gnoll hits you from afar with a spear.
* * * LOW HITPOINT WARNING * * *
The gnoll barely misses you.
You hit the gnoll but do no damage. You headbutt the gnoll.
You kill the gnoll!
Trog accepts your kill. The gnoll hits you but does no damage.
The gnoll hits you with a spear!
* * * LOW HITPOINT WARNING * * *
You thump the gnoll!
The gnoll is almost dead.
The gnoll hits you with a spear.
You die...

####....
##......##
##........##
#..........# ...
#..........# ...
#..........# g!..
#..........# .....
#.<...)))..##.....
##....@g......?...
##................
#.........%##....
#..........# ##.
#..........#
#..........#
#...........#
##.............
##............$


You could see a gnoll.

Vanquished Creatures
  3 gnolls (D:4)
  5 adders
  2 oozes (D:1)
  4 worms
  2 dart slugs
  2 giant geckos (D:1)
  An orc (D:3)
  4 bats
  4 giant cockroaches
  11 goblins
  8 hobgoblins
  3 jackals (D:2)
  A quokka (D:3)
  2 ball pythons (D:2)
  A giant newt (D:1)
  9 kobolds
  9 rats
71 creatures vanquished.

Notes
Turn   | Place    | Note
--------------------------------------------------------------
     0 | D:1      | Kloppie the Minotaur Berserker began the quest for the Orb.
     0 | D:1      | Reached XP level 1. HP: 19/19 MP: 0/0
    19 | D:1      | Reached skill level 4 in Maces & Flails
    38 | D:1      | Reached XP level 2. HP: 26/26 MP: 1/1
   434 | D:1      | Reached ** piety under Trog
   603 | D:1      | Reached skill level 5 in Maces & Flails
   682 | D:1      | Reached XP level 3. HP: 29/31 MP: 2/2
  1588 | D:2      | Reached *** piety under Trog
  1640 | D:2      | Reached XP level 4. HP: 39/39 MP: 3/3
  1727 | D:3      | Reached skill level 6 in Maces & Flails
  2473 | D:4      | Reached skill level 7 in Maces & Flails
  2473 | D:4      | Reached XP level 5. HP: 39/45 MP: 4/4
  2533 | D:4      | HP: 2/45 [gnoll/spear (8)]
  2534 | D:4      | Slain by a gnoll

Skill      XL: |  1  2  3  4 |
---------------+-------------+-----
Maces & Flails | 4 5 7 |  7.2
Fighting       | |  3.6
Armour         | |  2.4
Dodging        | |  2.1

Action                   |  1- 3 |  4- 6 || total
-------------------------+-------+-------++-------
Melee: Mace              |    87 |    67 ||   154
       Headbutt          |     7 |    12 ||    19
 Stab: Sleeping          |     2 |       ||     2
  Eat: Chunk             |     2 |     2 ||     4
Armor: Animal skin       |    15 |    19 ||    34
Dodge: Dodged            |    53 |    41 ||    94
